 Dungeon Crawl Stone Soup version 0.31-a0-995-g04711c9635 (webtiles) character file.

Game seed: 8443953352479822083

20936 Revguard the Fighter (level 12, -2/135 HPs)
             Began as a Demonspawn Berserker on Nov 6, 2023.
             Was an Elder of Trog.
             Slain by a polar bear simulacrum (7 damage)
             ... on level 12 of the Dungeon.
             The game lasted 00:28:58 (8579 turns).

Revguard the Fighter (Demonspawn Berserker)         Turns: 8579, Time: 00:29:00

Health: -2/135     AC: 21    Str: 29    XL:     12   Next: 49%
Magic:  12/12      EV: 14    Int:  9    God:    Trog [****..]
Gold:   855        SH:  0    Dex: 12    Spells: 11/11 levels left

rFire   + . .        B - +0 broad axe
rCold   . . .        (no shield)
rNeg    . . .        w - +3 troll leather armour
rPois   .            (helmet restricted)
rElec   .            A - +0 cloak
rCorr   .            s - +1 pair of gloves
SInv    .            l - +0 pair of boots
Will    .....        D - amulet of regeneration Stlth
                     m - ring of protection from fire
HPRegen 2.02/turn    r - +6 ring of strength
MPRegen 0.26/turn

%: no passive effects
@: berserking, sanguine armoured, very quick
A: horns 2, spiny 2, magic regeneration, sanguine armour 2, deterioration 1,
frail 1, teleportitis 1
a: Renounce Religion, Berserk, Trog's Hand, Brothers in Arms


You were on level 12 of the Dungeon.
You worshipped Trog.
Trog was greatly pleased with you.
You visited 1 branch of the dungeon, and saw 12 of its levels.
You also visited: Sewer.

You collected 1245 gold pieces.
You spent 390 gold pieces at shops.

Inventory:

Hand Weapons
 B - a +0 broad axe (weapon)
 H - a +2 demon whip of freezing
 K - a +0 battleaxe
Missiles
 G - a throwing net
Armour
 l - a +0 pair of boots (worn)
 s - a +1 pair of gloves (worn)
 w - a +3 troll leather armour (worn)
 A - a +0 cloak (worn)
Jewellery
 m - a ring of protection from fire (left hand)
 p - a ring of willpower
 r - a +6 ring of strength (right hand)
 t - the amulet "Aqoq" {Acrobat MP+9 Int+4}
   (You found it on level 11 of the Dungeon)

   [amulet of the acrobat]

   Acrobat:   It increases your evasion while moving and waiting.
   Int+4:     It affects your intelligence (+4).
   MP+9:      It affects your magic capacity (+9).
 u - a ring of magical power
 D - an amulet of regeneration (around neck)
 I - an amulet of magic regeneration
Wands
 c - a wand of mindburst (15) (quivered)
 v - a wand of flame (35)
 y - a wand of iceblast (9)
 C - a wand of polymorph (20)
 E - a wand of paralysis (6)
Scrolls
 a - a scroll of fear
 b - a scroll of teleportation
 k - 2 scrolls of poison
 n - 3 scrolls of blinking
 o - 2 scrolls of silence
 q - a scroll of immolation
 x - a scroll of enchant weapon
 F - 2 scrolls of fog
 J - a scroll of torment
Potions
 d - 3 potions of might
 e - a potion of enlightenment
 f - a potion of heal wounds
 g - 3 potions of brilliance
 h - 3 potions of magic
 i - 5 potions of curing
 j - 2 potions of haste
 z - 2 potions of attraction


   Skills:
 * Level 11.6 Fighting
 * Level 10.7 Axes
 + Level 7.8 Armour
 + Level 7.7 Dodging
 + Level 7.9 Evocations


You had 11 spell levels left.
You didn't know any spells.
Your spell library was empty.

Dungeon Overview and Level Annotations

Branches:
Dungeon (12/15)            Temple (0/1) D:4            Lair (0/5) D:11
    Orc (0/2) D:10          Sewer (visited)

Altars:
Ashenzari
Cheibriados
Dithmenos
Fedhas
Gozag
Nemelex Xobeh
Qazlal
Sif Muna
Uskayaw
Wu Jian
Xom

Shops:
D:4 [   D:7 =   D:8 [   D:9 =   D:11 (:*:

Portals:
Ice
Cave: D:12


Innate Abilities, Weirdness & Mutations

You have a pair of horns on your head.
You are mostly covered in sharp spines.
You regenerate magic rapidly.
When seriously injured, your blood forms thick armour. (AC +9)
Your body sometimes deteriorates upon taking damage.
You are frail. (-10% HP)
You are occasionally teleported next to monsters.


Message History

The death yak simulacrum vaporises!
Trog accepts your kill.
You hit the two-headed ogre simulacrum. You slash the troll simulacrum!
You feel your strength returning.
Unknown command.
You barely miss the troll simulacrum.
The troll simulacrum is moderately damaged.
You completely miss the polar bear simulacrum.
You slash the two-headed ogre simulacrum!
The two-headed ogre simulacrum vaporises!
Trog accepts your kill.
The troll simulacrum is struck by your spines.
The troll simulacrum closely misses you.
The troll simulacrum barely misses you.
The troll simulacrum claws you but does no damage.
You slash the troll simulacrum!
The troll simulacrum is severely damaged.
You slash the two-headed ogre simulacrum!
You completely miss the polar bear simulacrum.
The polar bear simulacrum is struck by your spines.
The polar bear simulacrum bites you.
* * * LOW HITPOINT WARNING * * *
The polar bear simulacrum freezes you!
* * * LOW HITPOINT WARNING * * *
The polar bear simulacrum claws you but does no damage. x2
You slash the two-headed ogre simulacrum!
The two-headed ogre simulacrum is almost destroyed.
You hit the polar bear simulacrum. You slash the troll simulacrum!
The troll simulacrum vaporises!
Trog accepts your kill.
The two-headed ogre simulacrum is struck by your spines.
The two-headed ogre simulacrum hits you but does no damage.
The two-headed ogre simulacrum barely misses you.
You slice the two-headed ogre simulacrum!!
The two-headed ogre simulacrum vaporises!
Trog accepts your kill.
You hit the polar bear simulacrum. The polar bear simulacrum bites you.
* * * LOW HITPOINT WARNING * * *
The polar bear simulacrum freezes you!
You die...

..^......#
###....######
####'##
.........#
#....# #.#
.........#
##.##### #.#
##+#######
#.....# #.#
#######'###
#.#
#.........#
#.#
#.........#
#.#
#.........#
..#
#...@Z....#
#..○°°....+
+.........#
#.........#
#..........#
#..........#
#..∩..###+##
#.....#


You could see a polar bear simulacrum.

Vanquished Creatures
  A centaur warrior (D:12)
  Erica (D:10)
  2 two-headed ogres
  A skeletal warrior (D:12)
  A cyclops (D:10)
  2 manticores
  4 elephants (D:10)
  2 gargoyles
  An unseen horror (D:11)
  A komodo dragon (D:11)
  3 trolls
  4 slime creatures
  2 vampires
  A shadow (D:10)
  16 yaks
  A death yak simulacrum (D:12)
  4 vampire mosquitoes (D:11)
  Edmund (D:5)
  5 wargs
  An acid dragon (D:9)
  A water moccasin (D:8)
  2 ice beasts (D:7)
  5 orc warriors
  2 black bears (D:4)
  An ogre (D:6)
  5 centaurs (D:10)
  A phantom (D:7)
  2 bullfrogs
  7 kobold brigands
  3 two-headed ogre simulacra (D:12)
  A gnoll sergeant (D:7)
  A scorpion (D:4)
  6 wights
  6 electric eels (D:8)
  9 howler monkeys
  2 hounds
  3 jellies
  Crazy Yiuf (D:6)
  9 orc priests
  A sleepcap (D:6)
  3 iguanas
  7 orc wizards
  A spriggan simulacrum (D:12)
  A troll simulacrum (D:12)
  A mummy (D:8)
  7 gnolls
  15 adders
  A river rat (Sewer)
  2 shadow imps
  2 white imps (D:6)
  4 worms
  A dart slug (D:2)
  23 orcs
  3 bats
  9 endoplasms
  10 giant cockroaches
  15 hobgoblins
  6 jackals
  28 kobolds
  4 quokkas
  9 ball pythons
  2 frilled lizards
  9 goblins
  9 rats
294 creatures vanquished.

Vanquished Creatures (collateral kills)
  7 skeletal warriors (D:12)
  3 slime creatures (D:12)
10 creatures vanquished.

Vanquished Creatures (others)
  An orc (D:10)
1 creature vanquished.

Grand Total: 305 creatures vanquished

Notes
Turn   | Place    | Note
-------+----------+-------------------------------------------
     0 | D:1      | Revguard the Demonspawn Berserker began the quest for the
                  | Orb.
     0 | D:1      | Reached XP level 1. HP: 18/18 MP: 1/1
   168 | D:1      | Gained mutation: You are partially covered in sharp spines.
                  | [demonic ancestry]
   168 | D:1      | Reached XP level 2. HP: 16/24 MP: 2/2
   535 | D:1      | Reached skill level 1 in Evocations
   535 | D:1      | You fall into a shaft and drop 1 floor!
   601 | D:2      | Gained mutation: You are mostly covered in sharp spines.
                  | [demonic ancestry]
   601 | D:2      | Reached XP level 3. HP: 29/29 MP: 3/3
   603 | D:2      | Reached ** piety under Trog
  1137 | D:2      | Reached XP level 4. HP: 35/35 MP: 4/4
  1676 | D:3      | Reached *** piety under Trog
  1814 | D:3      | Found an ornate altar of the Wu Jian Council.
  1828 | D:3      | Found a broken altar of Ashenzari.
  1872 | D:3      | Found a hide-covered altar of Uskayaw.
  2359 | D:4      | Found a staircase to the Ecumenical Temple.
  2389 | D:4      | Found a shimmering altar of Xom.
  2398 | D:4      | Gained mutation: You have a pair of small horns on your
                  | head. [demonic ancestry]
  2398 | D:4      | Reached XP level 5. HP: 33/42 MP: 5/5
  2546 | D:4      | Found a glowing drain.
  2557 | Sewer    | Entered a sewer
  2624 | Sewer    | Reached skill level 4 in Fighting
  2761 | Sewer    | Reached XP level 6. HP: 32/48 MP: 6/6
  3029 | D:4      | Found Itorgh's Armour Boutique.
  3273 | D:4      | Identified the +5 dagger of Patterns {speed, *Slow Int+6}
  3308 | D:4      | Reached XP level 7. HP: 45/55 MP: 7/7
  3390 | D:4      | Reached skill level 5 in Fighting
  3393 | D:4      | Reached **** piety under Trog
  3493 | D:5      | Entered Level 5 of the Dungeon
  3594 | D:5      | Noticed Edmund
  3604 | D:5      | Killed Edmund
  3907 | D:5      | Reached skill level 5 in Axes
  3985 | D:5      | Gained mutation: When seriously injured, your blood forms
                  | armour. (AC +9) [demonic ancestry]
  3985 | D:5      | Reached XP level 8. HP: 30/64 MP: 8/8
  4376 | D:5      | Gained mutation: You are frail. (-10% HP) [potion of
                  | mutation]
  4376 | D:5      | Gained mutation: Your body sometimes deteriorates upon
                  | taking damage. [potion of mutation]
  4376 | D:5      | Gained mutation: You are occasionally teleported next to
                  | monsters. [potion of mutation]
  4376 | D:5      | Gained mutation: You have a pair of horns on your head.
                  | [potion of mutation]
  4450 | D:6      | Noticed a troll
  4459 | D:6      | Killed a troll
  4460 | D:6      | Reached skill level 6 in Fighting
  5006 | D:6      | Found a runed translucent door.
  5007 | D:6      | Noticed Crazy Yiuf
  5122 | D:6      | Found an opulent altar of Gozag.
  5160 | D:6      | Killed Crazy Yiuf
  5370 | D:7      | Gained mutation: You regenerate magic rapidly. [demonic
                  | ancestry]
  5370 | D:7      | Reached XP level 9. HP: 32/63 MP: 9/9
  5401 | D:7      | Identified the serpent talisman of Failure {rElec rCorr
                  | Int+2}
  5430 | D:7      | Found a sparkling altar of Nemelex Xobeh.
  5454 | D:7      | Reached skill level 7 in Fighting
  5555 | D:7      | Found a shadowy altar of Dithmenos.
  5618 | D:7      | Found Laath's Jewellery Emporium.
  5622 | D:7      | Bought an amulet of regeneration for 390 gold pieces
  5860 | D:8      | Found a blossoming altar of Fedhas.
  5986 | D:8      | Reached skill level 5 in Armour
  6035 | D:8      | Reached skill level 5 in Dodging
  6163 | D:8      | Found Miycrah's Antique Armour Boutique.
  6168 | D:8      | Noticed a gargoyle
  6177 | D:8      | Killed a gargoyle
  6178 | D:8      | Reached skill level 5 in Evocations
  6325 | D:8      | Found a snail-covered altar of Cheibriados.
  6555 | D:8      | Reached skill level 8 in Fighting
  6560 | D:8      | Found a shimmering blue altar of Sif Muna.
  6700 | D:9      | Identified a scroll of acquirement
  6701 | D:9      | Acquired 523 gold pieces
  6724 | D:9      | Reached XP level 10. HP: 51/72 MP: 10/10
  6877 | D:9      | Reached ***** piety under Trog
  7070 | D:9      | Found Ruabb's Jewellery Shop.
  7091 | D:10     | Entered Level 10 of the Dungeon
  7091 | D:10     | Noticed an elephant
  7101 | D:10     | Killed an elephant
  7105 | D:10     | Noticed an elephant
  7117 | D:10     | Killed an elephant
  7118 | D:10     | Reached skill level 9 in Fighting
  7172 | D:10     | Noticed Erica
  7182 | D:10     | Killed Erica
  7189 | D:10     | Found a staircase to the Orcish Mines.
  7215 | D:10     | Noticed a two-headed ogre
  7222 | D:10     | Killed a two-headed ogre
  7354 | D:10     | Mutation became permanent: You have a pair of small horns
                  | on your head. [demonic ancestry]
  7354 | D:10     | Gained mutation: You have a pair of horns on your head.
                  | [demonic ancestry]
  7354 | D:10     | Reached XP level 11. HP: 80/80 MP: 11/11
  7456 | D:10     | Found a stormy altar of Qazlal.
  7817 | D:11     | Reached skill level 10 in Fighting
  7859 | D:11     | Found Cougoxae's Antique Weapon Boutique.
  7882 | D:11     | Found a staircase to the Lair.
  7962 | D:11     | Found Rote Awi's Book Shoppe.
  8048 | D:11     | Found Cebruose's Book Emporium.
  8158 | D:11     | Found Reunim's General Store.
  8160 | D:11     | Identified the amulet "Aqoq" {Acrobat MP+9 Int+4}
  8293 | D:12     | Noticed a centaur warrior
  8297 | D:12     | Killed a centaur warrior
  8302 | D:12     | Noticed a skeletal warrior
  8303 | D:12     | Noticed a skeletal warrior
  8303 | D:12     | Noticed a skeletal warrior
  8313 | D:12     | Killed a skeletal warrior
  8315 | D:12     | Killed a skeletal warrior
  8316 | D:12     | Killed a skeletal warrior
  8317 | D:12     | Reached skill level 10 in Axes
  8317 | D:12     | Gained mutation: When seriously injured, your blood forms
                  | thick armour. (AC +9) [demonic ancestry]
  8317 | D:12     | Reached XP level 12. HP: 89/89 MP: 12/12
  8355 | D:12     | Reached skill level 11 in Fighting
  8505 | D:12     | Noticed a two-headed ogre
  8513 | D:12     | Killed a two-headed ogre
  8566 | D:12     | Found a frozen archway.
  8577 | D:12     | HP: 4/135 [polar bear simulacrum (12)]
  8579 | D:12     | Slain by a polar bear simulacrum

Illustrated notes

Levels and vault maps discovered:
D:1:      heliophobic_arrival_dark_side_of_the_moon, layout_loops_cross,
          nicolae_concentric_dashed_squares_mild, minmay_indecisive_spiral
D:2:      layout_rooms, grunt_ministairs_9, serial_bayou_pond_e, st_stairs_6
D:3:      minmay_roachtagon, layout_basic, nzn_wu_jian_council_hall,
          ashenzari_altar_1, mainiacjoe_overflow_six_doors_small,
          nicolae_uskayaw_murder_on_the_dancefloor
D:4:      layout_loops_ring, amcnicky_altar_gilded,
          minmay_temple_entry_statues_pillars, portal_sewer_entry_d,
          serial_shops, shop
D:5:      layout_loops_corners, nicolae_nh_ransacked_shop, uniq_edmund
D:6:      layout_loops_ring, kennysheep_mini, uniq_crazy_yiuf_cottage
D:7:      layout_rooms, nemelex_spade_bored_becter,
          mainiacjoe_overflow_alcove_4, serial_shops,
          nicolae_shop_back_alley_shop
D:8:      cheibrodos_two_vegetables, layout_loops_ring,
          hellmonk_sif_muna_bookshelves, fedhas_ov_isle_minmay, slow_altar_2,
          serial_shops, nicolae_shop_tiny_glass
D:9:      layout_basic, serial_shops, nicolae_shop_pleasant_corner_grove
D:10:     wad_woods_tower, layout_basic, nicolae_overflow_crystal_walls,
          mainiacjoe_overflow_boulevard, minmay_orc_entry_guard_dogs, uniq_erica
D:11:     layout_roguey, erik_lair_orcish_takeover, serial_shops, shop,
          nicolae_shop_gibbet_a_chance, nicolae_take_the_stairs,
          nicolae_shop_tiny_glass
D:12:     layout_roguey, portal_ice_cave_entry_ice_simulacra, uniq_azrael,
          uniq_sonja

Skill      XL: |  1  2  3  4  5  6  7  8  9 10 11 12 |
---------------+-------------------------------------+-----
Armour         | 2 3 4 5 6 7 |  7.8
Dodging        | 2 3 4 5 6 7 |  7.7
Evocations     | 1 2 3 4 5 6 7 |  7.9
Axes           | 3 4 5 6 7 8 10 | 10.7
Fighting       | 4 5 6 8 9 10 11 | 11.6

Action                     |  1- 3 |  4- 6 |  7- 9 | 10-12 || total
---------------------------+-------+-------+-------+-------++-------
  Melee: Hand axe          |    77 |    24 |       |       ||   101
         War axe           |       |    77 |    90 |       ||   167
         Headbutt          |       |     9 |    24 |    65 ||    98
         Broad axe         |       |       |    76 |   245 ||   321
         Punch             |       |       |     1 |     5 ||     6
 Invoke: Berserk           |     1 |       |     7 |     7 ||    15
         Trog's Hand       |       |     1 |     5 |     6 ||    12
         Brothers in Arms  |       |       |       |     3 ||     3
  Evoke: Wand              |       |       |     5 |     4 ||     9
    Use: Scroll            |       |    11 |    10 |     2 ||    23
         Potion            |       |     2 |     8 |     3 ||    13
   Stab: Sleeping          |     1 |       |       |       ||     1
 Armour: Animal skin       |    22 |       |       |       ||    22
         Leather armour    |     9 |       |       |       ||     9
         Ring mail         |     8 |     5 |       |       ||    13
         Scale mail        |       |    55 |       |       ||    55
         Chain mail        |       |    20 |    46 |       ||    66
         Troll leather arm |       |       |    85 |   271 ||   356
  Dodge: Dodged            |    44 |    61 |    99 |   193 ||   397

Table legend: (Time is in decaauts)
 A = Elapsed time spent in this place.
 B = Non-inter-level travel time spent in this place.
 C = Inter-level travel time spent in this place.
 D = Time resting spent in this place.
 E = Time spent auto-exploring this place.
 F = Levels seen in this place.
 G = Mean time per level.
                   A        B        C        D        E       F      G
               +--------+--------+--------+--------+--------+-----+--------+
         Total |   8906 |   8503 |    403 |    307 |   5916 |  13 |  685.1 |
       Dungeon |   8494 |   8091 |    403 |    307 |   5695 |  12 |  707.8 |
         Sewer |    412 |    412 |      0 |      0 |    220 |   1 |  412.0 |
               +--------+--------+--------+--------+--------+-----+--------+

Top non-repeatable levels by time:
     D:5: 932 daAuts
     D:8: 928 daAuts
     D:1: 902 daAuts
     D:6: 843 daAuts
     D:4: 814 daAuts
     D:3: 811 daAuts
    D:10: 753 daAuts
     D:2: 672 daAuts
     D:7: 601 daAuts
    D:11: 504 daAuts
     D:9: 414 daAuts
   Sewer: 412 daAuts
    D:12: 313 daAuts
